 Dungeon Crawl Stone Soup version 0.18.0-1-g0107ab7 (webtiles) character file.

536 namelastname112 the Poker (level 7, 60/60 HPs)
             Began as a Mottled Draconian Gladiator on May 5, 2016.
             Quit the game on level 4 of the Dungeon.
             The game lasted 00:06:06 (3465 turns).

namelastname112 the Poker (DrGl)                    Turns: 3465, Time: 00:06:07

Health: 60/60      AC:  6    Str: 18    XL:     7   Next: 4%
Magic:  7/7        EV: 14    Int:  8    God:
Gold:   96         SH:  0    Dex: 13    Spells: 0 memorised, 6 levels left

rFire  . . .     SeeInvis .     a - +0 trident
rCold  . . .     Gourm    .     (armour unavailable)
rNeg   . . .     Faith    .     (no shield)
rPois  .         Spirit   .     b - +0 hat
rElec  .         Dismiss  .     (no cloak)
rCorr  .         Reflect  .     (no gloves)
SustAt .         Harm     .     (no boots)
MR     .....                    u - amulet of regeneration
Stlth  +.........               (no ring)
                                (no ring)

@: not resistant to hostile enchantments, very unstealthy
A: breathe sticky flame splash, unfitting armour, cold-blooded, AC +6
a: Breathe Sticky Flame


You were on level 4 of the Dungeon.
You were very hungry.

You visited 1 branch of the dungeon, and saw 4 of its levels.
You also visited: Sewer.

You collected 96 gold pieces.

Inventory:

Hand Weapons
 a - a +0 trident (weapon)
Missiles
 c - 3 throwing nets (quivered)
Armour
 b - a +0 hat (worn)
Jewellery
 u - an amulet of regeneration (around neck)
Wands
 s - a wand of confusion (29/48)
Scrolls
 f - a scroll of random uselessness {unknown}
 g - a scroll of recharging {unknown}
 i - 3 scrolls of identify {unknown}
 j - 3 scrolls of enchant armour {unknown}
 l - a scroll of magic mapping {unknown}
 n - 3 scrolls of teleportation {unknown}
 o - 2 scrolls of fear {unknown}
 p - a scroll of enchant weapon {unknown}
Potions
 e - 6 potions of curing
 h - 2 potions of heal wounds {unknown}
 k - a potion of brilliance {unknown}
 q - a potion of flight {unknown}
 r - a potion of agility {unknown}
Comestibles
 d - 2 bread rations
 m - 3 fruits
 t - a meat ration


   Skills:
 + Level 4.4 Fighting
 * Level 6.1 Polearms
 - Level 1.7 Throwing
 + Level 4.3 Dodging


You had 6 spell levels left.
You didn't know any spells.

Dungeon Overview and Level Annotations

Branches:
Dungeon (4/15)
 Temple: D:4-7

Altars:
Fedhas
Gozag
Kikubaaqudgha
Sif Muna
Trog


Innate Abilities, Weirdness & Mutations

You can spit globs of burning liquid.
You can ignite nearby creatures when you spit burning liquid.
Your weird mottled scales are hard (AC +6).
Your body does not fit into most forms of armour.
You are cold-blooded and may be slowed by cold attacks.


Message History

Found 19 stones.
You are feeling very hungry.
Found 5 gold pieces.
You now have 96 gold pieces (gained 5).
Key pressed, stopping explore.
You see here 19 stones.
Found an ancient bone altar of Kikubaaqudgha.
No target in view!
Key pressed, stopping explore.
Key pressed, stopping explore.
Found a quarterstaff.
No target in view!
Found a stone staircase leading up.
Key pressed, stopping explore.
Found 16 bolts.
Quiver which item? (- for none, * to show all) (? for menu, Esc to quit)
Okay, then.
Drink which item? (? for menu, Esc to quit)
Okay, then.
Are you sure you want to abandon this character and quit the game? (Confirm with "yes".)

#.####.#..###.###
#[(...............#
###...##.##.........##
)....................
###......##.###.....
##..#####.# #.. ##.#
#.# (# #.# #.#####.#.#
#.# #.....@...# #.#
#######.### #.# .# #.#
.# #####.# .. ......#
.# .###### .# .# .. .#


There were no monsters in sight!

Vanquished Creatures
  3 big kobolds (Sewer)
  2 orc priests (D:4)
  3 orc wizards (D:4)
  A hound zombie (D:4)
  8 adders
  An ooze (Sewer)
  A worm (D:2)
  3 dart slugs
  A giant gecko (D:1)
  3 orcs (D:4)
  12 giant cockroaches
  5 goblins
  5 hobgoblins
  2 jackals (D:1)
  3 ball pythons
  9 bats
  9 giant newts
  21 kobolds
  5 rats
97 creatures vanquished.

Notes
Turn   | Place    | Note
--------------------------------------------------------------
     0 | D:1      | namelastname112 the Draconian Gladiator began the quest for the Orb.
     0 | D:1      | Reached XP level 1. HP: 17/17 MP: 1/1
   221 | D:1      | Reached XP level 2. HP: 25/25 MP: 2/2
   420 | D:1      | Reached XP level 3. HP: 19/30 MP: 3/3
   897 | D:2      | Reached skill level 4 in Polearms
  1047 | D:2      | Reached XP level 4. HP: 28/37 MP: 4/4
  1218 | D:2      | Found a blossoming altar of Fedhas.
  1306 | D:2      | Found a deep blue altar of Sif Muna.
  1591 | D:2      | Found a bloodstained altar of Trog.
  1746 | D:3      | Found a glowing drain.
  1838 | Sewer    | Entered a sewer
  1998 | Sewer    | Reached XP level 5. HP: 39/45 MP: 5/5
  2115 | Sewer    | Reached skill level 5 in Polearms
  2270 | Sewer    | Reached XP level 6. HP: 39/52 MP: 6/6
  2499 | D:3      | Found an opulent altar of Gozag.
  3200 | D:4      | Reached skill level 6 in Polearms
  3221 | D:4      | Your scales start taking on a weird mottled colour.
  3221 | D:4      | Reached XP level 7. HP: 24/60 MP: 7/7
  3428 | D:4      | Found an ancient bone altar of Kikubaaqudgha.
  3465 | D:4      | Quit the game

Skill      XL: |  1  2  3  4  5  6 |
---------------+-------------------+-----
Dodging        | 3 4 |  4.3
Polearms       | 4 5 6 |  6.1
Fighting       | 3 4 |  4.4
Throwing       | |  1.7

Action                   |  1- 3 |  4- 6 |  7- 9 || total
-------------------------+-------+-------+-------++-------
Melee: Trident           |   100 |   244 |       ||   344
       Tailslap          |    11 |    23 |       ||    34
  Use: Potion            |       |     3 |       ||     3
 Stab: Sleeping          |     1 |       |       ||     1
  Eat: Chunk             |       |     6 |       ||     6
       Beef jerky        |       |     1 |       ||     1
Armor: Skin              |    18 |    66 |       ||    84
Dodge: Dodged            |    50 |   165 |       ||   215
